 Dungeon Crawl Stone Soup version 0.31-a0-214-gb37851d (webtiles) character file.

Game seed: 13924254022557196987

119 lyrin the Slasher (level 4, -6/34 HPs)
             Began as a Demonspawn Gladiator on July 1, 2023.
             Mangled by a gnoll bouda
             ... wielding a +0 whip
              (10 damage)
             ... on level 3 of the Dungeon.
             The game lasted 00:03:20 (2452 turns).

lyrin the Slasher (Demonspawn Gladiator)            Turns: 2452, Time: 00:03:20

Health: -6/34      AC:  6    Str: 14    XL:     4   Next: 73%
Magic:  4/4        EV: 13    Int: 13    God:
Gold:   198        SH:  5    Dex: 16    Spells: 3/3 levels left

rFire   + . .        x - +11 morningstar "Yledghic" {heavy, rF+ rN+ Int+3}
rCold   . . .        (no shield)
rNeg    + . .        b - +0 leather armour
rPois   .            c - +0 helmet
rElec   .            (no cloak)
rCorr   .            (no gloves)
SInv    +            (no boots)
Will    .....        o - amulet of reflection
Stlth   +            m - ring of see invisible
HPRegen 0.25/turn    (no ring)
MPRegen 0.18/turn

%: reflection
@: weakened
A: yellow scales 1, magic regeneration, weakness stinger 1
a: no special abilities


You were on level 3 of the Dungeon.
You visited 1 branch of the dungeon, and saw 4 of its levels.

You collected 198 gold pieces.

Inventory:

Hand Weapons
 a - a +0 long sword
 s - the +1 sling of Ujiex {antimagic, Int+4}
   (You found it on level 2 of the Dungeon)

   Int:       It affects your intelligence (+4).
 x - the +11 morningstar "Yledghic" (weapon) {heavy, rF+ rN+ Int+3}
   (You found it on level 3 of the Dungeon)

   Int:       It affects your intelligence (+3).
   rF:        It protects you from fire.
   rN:        It protects you from negative energy.
Missiles
 d - 3 throwing nets (quivered)
 e - a javelin
 y - 4 poisoned darts
Armour
 b - a +0 leather armour (worn)
 c - a +0 helmet (worn)
Jewellery
 m - a ring of see invisible (left hand)
 o - an amulet of reflection (around neck)
Wands
 v - a wand of flame (12)
Scrolls
 g - 3 scrolls of teleportation {unknown}
 i - 2 scrolls of noise {unknown}
 j - 2 scrolls of identify {unknown}
 l - 2 scrolls of blinking {unknown}
 n - a scroll of fear {unknown}
 p - 2 scrolls of enchant weapon {unknown}
 t - a scroll of poison {unknown}
 u - a scroll of fog {unknown}
 w - a scroll of brand weapon {unknown}
 z - a scroll of silence {unknown}
Potions
 f - a potion of might {unknown}
 h - a potion of curing {unknown}
 k - a potion of brilliance {unknown}
 q - a potion of heal wounds {unknown}
 r - a potion of enlightenment {unknown}


   Skills:
 + Level 2.7 Fighting
 - Level 3.7 Long Blades
 * Level 0.4 Maces & Flails
 - Level 1.7 Throwing
 + Level 1.3 Armour
 + Level 3.3 Dodging
 + Level 0.2 Shields


You had 3 spell levels left.
You didn't know any spells.
Your spell library contained the following spells:

 Spells                   Type           Power      Damage    Failure   Level
 Necrotise                Necr           0%         1d4       36%         1
 Vampiric Draining        Necr           0%         2d6       75%         3
 Agony                    Necr           0%         N/A       100%        5


Dungeon Overview and Level Annotations

Branches:
Dungeon (4/15)
 Temple: D:4-7

Altars:

Shops:
D:1 [   D:3 :


Innate Abilities, Weirdness & Mutations

You are partially covered in yellow scales. (AC +2)
You regenerate magic rapidly.
You have a small tail.


Message History

You feel your attacks grow feeble. The gnoll hits you with a +0 flail!
The gnoll bouda attacks as you move away!
You block the gnoll bouda's attack.
Your attacks no longer feel as feeble.
The gnoll bouda gazes fiercely through you!
You feel your attacks grow feeble.
The gnoll bouda gazes fiercely through you!
You feel as though you will be weak longer.
The gnoll bouda gazes fiercely through you!
You feel as though you will be weak longer.
The gnoll hits you from afar with a +0 spear.
There is a stone staircase leading up here.
The gnoll is no longer moving quickly.
The gnoll bouda gazes fiercely through you!
You feel as though you will be weak longer.
You block the gnoll bouda's attack. The gnoll closely misses you.
You climb upwards.
There is a stone staircase leading down here.
You puncture the gnoll bouda!
The gnoll bouda is severely wounded.
The gnoll bouda prays to its god.
The gnoll bouda is healed somewhat.
The gnoll bouda closely misses you.
You hit the gnoll bouda but do no damage.
The gnoll bouda is heavily wounded.
You block the gnoll bouda's attack. The gnoll bouda barely misses you.
The gnoll bouda hits you with a +0 whip!
You are too injured to fight recklessly!
You are too injured to fight recklessly!
You are too injured to fight recklessly!
You are too injured to fight recklessly!
You closely miss the gnoll bouda.
The gnoll bouda is heavily wounded.
The gnoll bouda hits you with a +0 whip!
* * * LOW HITPOINT WARNING * * *
You block the gnoll bouda's attack.
You closely miss the gnoll bouda.
The gnoll bouda is heavily wounded.
The gnoll bouda hits you with a +0 whip!
You die...

#†# #.....................
#.#####.........####........
#..........###### #........
####################
###.#####
#.........#........# #.#
##.#####.##.#####.######.#
#.# #.#.##.#............#
#.###.#.##.#.#.#.############
#.....#.##.#@................
#####.#)##.#.g...###..######.
#.#.##.###.######...#####
#.#.##............#...#
#.#.######.######.###.##
#.#.# #.#......# #..## #.#.#
##.#.###..# ##...
#.#.#####......#..# ####
#.#........#.#.#..# ####


You could see a gnoll bouda.

Vanquished Creatures
  A gnoll (D:4)
  4 adders (D:3)
  A worm (D:2)
  A dart slug (D:3)
  2 orcs (D:3)
  5 ball pythons
  4 bats
  5 endoplasms
  4 giant cockroaches
  8 goblins
  4 hobgoblins
  7 jackals
  11 kobolds
  A quokka (D:1)
  A frilled lizard (D:2)
  2 rats
61 creatures vanquished.

Notes
Turn   | Place    | Note
-------+----------+-------------------------------------------
     0 | D:1      | lyrin the Demonspawn Gladiator began the quest for the Orb.
     0 | D:1      | Reached XP level 1. HP: 16/16 MP: 1/1
   270 | D:1      | Gained mutation: You have a small tail. [demonic ancestry]
   270 | D:1      | Reached XP level 2. HP: 21/22 MP: 2/2
   275 | D:1      | Found Veofoes's Armour Shop.
   489 | D:1      | Noticed a shining eye
   491 | D:1      | Found a faded altar of an unknown god.
   493 | D:1      | Noticed a floating eye
   493 | D:1      | Noticed a great orb of eyes
   493 | D:1      | Noticed a floating eye
  1067 | D:2      | Gained mutation: You regenerate magic rapidly. [demonic
                  | ancestry]
  1067 | D:2      | Reached XP level 3. HP: 27/27 MP: 3/3
  1367 | D:2      | Identified the +1 sling of Ujiex {antimagic, Int+4}
  1391 | D:2      | Reached skill level 1 in Armour
  1972 | D:3      | Gained mutation: You are partially covered in yellow
                  | scales. (AC +2) [demonic ancestry]
  1972 | D:3      | Reached XP level 4. HP: 34/34 MP: 4/4
  1972 | D:3      | Found Yxem's Book Emporium.
  2203 | D:3      | Identified the +11 morningstar "Yledghic" {heavy, rF+ rN+
                  | Int+3}
  2452 | D:3      | Mangled by a gnoll bouda

Illustrated notes

Levels and vault maps discovered:
D:1:      dpeg_arrival_boxes_within_box, layout_basic, serial_shops,
          nicolae_square_shop, hellmonk_ecumenical_altar_watching_god
D:2:      layout_basic, hex_medium, minmay_misc_feat_iff, hex_large
D:3:      layout_basic, serial_shops, shop, minmay_puff
D:4:      minmay_evil_eye, layout_loops_ring, yredelemnul_altar_generic,
          bh_walls_and_bars

Skill      XL: |  1  2  3 |
---------------+----------+-----
Long Blades    | 3 |  3.7
Dodging        | 3 |  3.3
Armour         | 1 |  1.3
Fighting       | |  2.7
Maces & Flails | |  0.4
Throwing       | |  1.7
Shields        | |  0.2

Action                     |  1- 3 |  4- 6 || total
---------------------------+-------+-------++-------
  Melee: Long sword        |   138 |    36 ||   174
         Tailslap          |     9 |     5 ||    14
         Morningstar       |       |    13 ||    13
         Punch             |       |     1 ||     1
   Stab: Sleeping          |     3 |       ||     3
 Armour: Leather armour    |    45 |    17 ||    62
  Dodge: Dodged            |   104 |    36 ||   140
  Block: Other             |    13 |    24 ||    37
         Reflection        |     1 |       ||     1

Table legend: (Time is in decaauts)
 A = Elapsed time spent in this place.
 B = Non-inter-level travel time spent in this place.
 C = Inter-level travel time spent in this place.
 D = Time resting spent in this place.
 E = Time spent auto-exploring this place.
 F = Levels seen in this place.
 G = Mean time per level.
                   A        B        C        D        E       F      G
               +--------+--------+--------+--------+--------+-----+--------+
         Total |   2511 |   2461 |     50 |     54 |   1787 |   4 |  627.8 |
       Dungeon |   2511 |   2461 |     50 |     54 |   1787 |   4 |  627.8 |
               +--------+--------+--------+--------+--------+-----+--------+

Top non-repeatable levels by time:
     D:3: 962 daAuts
     D:1: 901 daAuts
     D:2: 605 daAuts
     D:4: 41 daAuts
